 Dungeon Sprint DCSS version 0.21-a0-72-gbbb65ab (webtiles) character file.

4582 Kidiri the Thaumaturge (level 10, -12/88 HPs)
             Began as a Purple Draconian Transmuter on June 20, 2017.
             Was the Champion of Wu Jian.
             Killed from afar by an eidolon (36 damage)
             ... with a bolt of negative energy
             ... in the Dungeon (Sprint VII: "The Pits").
             The game lasted 00:10:31 (2001 turns).

Kidiri the Thaumaturge (DrTm)                       Turns: 2001, Time: 00:10:32

Health: -12/88     AC: 12    Str: 11 (13) XL:     10   Next: 18%
Magic:  24/24      EV: 17    Int: 15      God:    Wu Jian [******]
Gold:   0          SH:  0    Dex: 16      Spells: 17/30 levels left

rFire    . . .     SeeInvis .     - Unarmed
rCold    . . .     Gourm    .   (shield currently unavailable)
rNeg     . . .     Faith    .   (armour unavailable)
rPois    .         Spirit   .   (helmet restricted)
rElec    .         Reflect  .   v - +0 cloak
rCorr    .         Harm     .   (gloves currently unavailable)
MR       +....     NoTele   +   u - +0 pair of boots
Stlth    ++........             (no amulet)
HPRegen  0.24/turn              p - +3 ring of dexterity
MPRegen  0.19/turn              q - +3 ring of protection

@: blade hands (expiring), afraid, slowed, glowing, heavily drained, heavenly
storm, very slow
A: breathe power, unfitting armour, cold-blooded, AC +7
a: Breathe Dispelling Energy, End Transformation, Serpent's Lash, Heavenly
Storm, Renounce Religion


You were in the Dungeon.
You worshipped Wu Jian.
Wu Jian was exalted by your worship.
You were not hungry.
You had blades for hands.
You visited 1 branch

Inventory:

Armour
 u - a +0 pair of boots (worn)
 v - a +0 cloak (worn)
Jewellery
 p - a +3 ring of dexterity (left scythe-like blade)
 q - a +3 ring of protection (right scythe-like blade)
Scrolls
 i - a scroll of blinking
 k - 3 scrolls of remove curse
 l - 5 scrolls of amnesia
 m - a scroll of summoning
Potions
 d - 5 potions of curing
 e - 2 potions of heal wounds
 f - a potion of haste
 g - 4 potions of magic
 h - 6 potions of berserk rage
 j - 2 potions of invisibility
 r - a potion of agility
 s - a potion of might
 t - a potion of brilliance
Books
 b - a book of Changes

   Spells                             Type                      Level
   a - Beastly Appendage              Transmutation                1
   b - Sticks to Snakes               Transmutation                2
   c - Spider Form                    Transmutation/Poison         3
   d - Ice Form                       Ice/Transmutation            4
   e - Blade Hands                    Transmutation                5
Comestibles
 c - 8 bread rations
 n - 29 fruits
 o - 7 meat rations


   Skills:
 + Level 8.2(6.7) Fighting
 * Level 9.0(7.5) Dodging
 * Level 9.5(8.0) Stealth
 * Level 10.3(8.8) Unarmed Combat
 * Level 10.8(9.3) Spellcasting
 * Level 10.0(8.5) Transmutations
 + Level 6.2(4.8) Ice Magic
 + Level 6.1(4.7) Poison Magic


You had 17 spell levels left.
You knew the following spells:

 Your Spells              Type           Power        Failure   Level  Hunger
a - Beastly Appendage     Tmut           ####..       10%         1    None
b - Spider Form           Tmut/Pois      ####......   21%         3    #......
c - Ice Form              Ice/Tmut       ####....     38%         4    ###....
d - Blade Hands           Tmut           ####......   43%         5    #####..


Dungeon Overview and Level Annotations

Branches:
Dungeon (1/1)

Altars:
Ashenzari
Cheibriados
Dithmenos
Elyvilon
Fedhas
Gozag
Hepliaklqana
Kikubaaqudgha
Makhleb
Nemelex Xobeh
Okawaru
Qazlal
Ru
Sif Muna
Trog
Uskayaw
Vehumet
Wu Jian
Xom
Yredelemnul
Zin
The Shining One
Beogh
Jiyva
Lugonu


Innate Abilities, Weirdness & Mutations

You can breathe bolts of dispelling energy.
Your rich purple scales are hard. (AC +7)
You cannot fit into any form of body armour.
You are cold-blooded and may be slowed by cold attacks.


Message History

You feel weakened.
The quasit bites you but does no damage.
The quasit claws you but does no damage.
The quasit barely misses you. The eidolon misses you. The eidolon hits you!
* * * LOW HITPOINT WARNING * * *
You feel weakened. The quasit misses you. The quasit completely misses you.
The quasit barely misses you.
Unknown command.
You attack the quasit from above.
You slice the quasit!!
You kill the quasit!
You attack the quasit from above.
You closely miss the quasit.
The quasit is moderately wounded.
The quasit is distracted by your jump.
The rime drake is distracted by your jump.
The quasit gives a chilling moan.
The rime drake hisses angrily.
You feel much better.
The quasit barely misses you. x2; The quasit misses you.
The eidolon stares piercingly at you. The bolt of negative energy hits you!
You feel drained.
You die...

..............###..#
#..............#..##
###...#÷######...##
..#####÷##...##'##
....##.(.#.§§#§§§#
.....#...#.5K#§§§#
...).'...+.K§Kk§§+
.....#...#.KK#§W§#
....##...#KkK#§5@#
..#####.##.KK##§##
###...#+######§§§##
#.....)........#..##
.....)........###..#
############### ####


You could see an eidolon, a rime drake and a quasit.

Vanquished Creatures
  A centaur warrior (D)
  2 black mambas (D)
  A smoke demon (D)
  A molten gargoyle (D)
  A gargoyle (D)
  Psyche (D)
  A rime drake (D)
  A jumping spider (D)
  A spriggan (D)
  A basilisk (D)
  A water moccasin (D)
  A sky beast (D)
  A necrophage (D)
  3 wolves (D)
  A centaur (D)
  A big kobold (D)
  2 bullfrogs (D)
  10 killer bees (D)
  A quasit (D)
  A hound (D)
  A hell rat (D)
  2 mummies (D)
  A gnoll (D)
  An adder (D)
  A river rat (D)
  An ooze (D)
  An adder zombie (D)
  A leopard gecko (D)
  A goblin (D)
  A hobgoblin (D)
  5 jackals (D)
  A quokka (D)
  A frilled lizard (D)
  4 kobolds (D)
  A leopard gecko skeleton (D)
  3 rats (D)
59 creatures vanquished.

Notes
Turn   | Place    | Note
-------+----------+-------------------------------------------
     0 | D        | Kidiri the Draconian Transmuter began the quest for the Orb.
     0 | D        | Reached XP level 1. HP: 16/16 MP: 3/3
    51 | D        | Found a bloodstained altar of Trog.
    51 | D        | Found a deep blue altar of Sif Muna.
    51 | D        | Found a viscous altar of Jiyva.
    51 | D        | Found a hazy altar of Hepliaklqana.
    51 | D        | Found an opulent altar of Gozag.
    52 | D        | Found a glowing golden altar of the Shining One.
    52 | D        | Found a glowing silver altar of Zin.
    52 | D        | Found a basalt altar of Yredelemnul.
    52 | D        | Found a shimmering altar of Xom.
    52 | D        | Found an ornate altar of the Wu Jian Council.
    52 | D        | Found a sacrificial altar of Ru.
    52 | D        | Found a stormy altar of Qazlal.
    52 | D        | Found an iron altar of Okawaru.
    52 | D        | Found a sparkling altar of Nemelex Xobeh.
    52 | D        | Found a burning altar of Makhleb.
    52 | D        | Found a blossoming altar of Fedhas.
    52 | D        | Found a white marble altar of Elyvilon.
    52 | D        | Found a shadowy altar of Dithmenos.
    52 | D        | Found a snail-covered altar of Cheibriados.
    55 | D        | Found a radiant altar of Vehumet.
    55 | D        | Found a corrupted altar of Lugonu.
    55 | D        | Found a roughly hewn altar of Beogh.
    56 | D        | Found a hide-covered altar of Uskayaw.
    56 | D        | Found an ancient bone altar of Kikubaaqudgha.
    56 | D        | Found a shattered altar of Ashenzari.
    64 | D        | Became a worshipper of the Wu Jian Council
   285 | D        | Reached * piety under Wu Jian
   293 | D        | Reached XP level 2. HP: 25/25 MP: 2/5
   334 | D        | Noticed a big kobold
   352 | D        | Reached skill level 1 in Stealth
   374 | D        | Killed a big kobold
   374 | D        | Reached ** piety under Wu Jian
   374 | D        | Reached XP level 3. HP: 17/34 MP: 2/8
   374 | D        | Reached XP level 4. HP: 21/41 MP: 2/10
   384 | D        | Learned a level 3 spell: Spider Form
   389 | D        | Learned a level 4 spell: Ice Form
   609 | D        | Noticed a necrophage
   614 | D        | Noticed a bullfrog
   624 | D        | Killed a bullfrog
   624 | D        | Reached skill level 5 in Unarmed Combat
   624 | D        | Reached skill level 1 in Ice Magic
   624 | D        | Reached skill level 1 in Poison Magic
   624 | D        | Reached XP level 5. HP: 31/47 MP: 6/11
   629 | D        | Reached *** piety under Wu Jian
   642 | D        | Killed a necrophage
   642 | D        | Reached skill level 5 in Fighting
   642 | D        | Reached skill level 5 in Spellcasting
   642 | D        | Reached skill level 5 in Transmutations
   642 | D        | Reached XP level 6. HP: 24/55 MP: 7/13
   673 | D        | Reached **** piety under Wu Jian
   924 | D        | Learned a level 5 spell: Blade Hands
  1036 | D        | Noticed a rime drake
  1037 | D        | Killed a rime drake
  1037 | D        | Reached skill level 5 in Dodging
  1037 | D        | Reached skill level 5 in Stealth
  1037 | D        | Your scales start taking on a rich purple colour.
  1037 | D        | Reached XP level 7. HP: 61/61 MP: 10/17
  1044 | D        | Reached ***** piety under Wu Jian
  1083 | D        | Noticed a gargoyle
  1088 | D        | Killed a gargoyle
  1255 | D        | Noticed a spriggan
  1262 | D        | Killed a spriggan
  1262 | D        | Reached XP level 8. HP: 70/70 MP: 15/20
  1297 | D        | Noticed Psyche
  1298 | D        | Noticed a molten gargoyle
  1298 | D        | Noticed a black mamba
  1302 | D        | Killed a black mamba
  1307 | D        | Killed a molten gargoyle
  1310 | D        | Killed Psyche
  1310 | D        | Reached XP level 9. HP: 30/79 MP: 18/22
  1315 | D        | Reached skill level 5 in Ice Magic
  1316 | D        | Reached skill level 5 in Poison Magic
  1618 | D        | Noticed a centaur warrior
  1624 | D        | Reached ****** piety under Wu Jian
  1624 | D        | Reached skill level 10 in Spellcasting
  1629 | D        | Killed a centaur warrior
  1687 | D        | Noticed a smoke demon
  1687 | D        | Noticed a jumping spider
  1697 | D        | Killed a jumping spider
  1697 | D        | Reached skill level 10 in Unarmed Combat
  1699 | D        | Reached XP level 10. HP: 39/88 MP: 19/24
  1722 | D        | Killed a smoke demon
  1982 | D        | Noticed a black mamba
  1984 | D        | Noticed an eidolon
  1990 | D        | Killed a black mamba
  1990 | D        | Reached skill level 10 in Transmutations
  1999 | D        | HP: 1/88 [eidolon (15)]
  2001 | D        | Killed from afar by an eidolon

Vault maps used:
D:        pitsprint

Skill      XL: |  1  2  3  4  5  6  7  8  9 10 |
---------------+-------------------------------+-----
Fighting       | 2 4 5 6 7 8 |  8.2
Dodging        | 2 3 4 5 6 7 8 9 |  9.0
Stealth        | 2 3 4 5 6 7 9 |  9.5
Transmutations | 4 5 6 7 8 9 10 | 10.0
Unarmed Combat | 4 5 6 7 8 10 | 10.3
Spellcasting   | 4 5 7 8 9 10 | 10.8
Ice Magic      | 1 2 3 4 5 6 |  6.2
Poison Magic   | 1 2 3 4 5 6 |  6.1

Action                   |  1- 3 |  4- 6 |  7- 9 | 10-12 || total
-------------------------+-------+-------+-------+-------++-------
Melee: Unarmed           |    41 |    44 |    77 |    27 ||   189
       Kick              |     3 |     4 |       |       ||     7
       Punch             |     1 |     1 |       |       ||     2
       Tailslap          |     1 |     5 |     5 |     2 ||    13
 Cast: Beastly Appendage |     7 |     2 |       |       ||     9
       Spider Form       |       |     3 |       |       ||     3
       Ice Form          |       |     1 |       |       ||     1
       Blade Hands       |       |       |     6 |     2 ||     8
Invok: Heavenly Storm    |       |       |     2 |     1 ||     3
       Serpent's Lash    |       |       |     1 |       ||     1
 Abil: Breathe Dispellin |       |       |     1 |       ||     1
  Use: Potion            |     1 |       |     2 |     5 ||     8
 Stab: Sleeping          |     1 |     3 |       |       ||     4
  Eat: Fruit             |       |    11 |       |       ||    11
Armor: Skin              |     8 |     3 |    25 |    30 ||    66
Dodge: Dodged            |    22 |    39 |    63 |    68 ||   192
